 Dungeon Crawl Stone Soup version 0.19.5 (webtiles) character file.

37 Njoerkh the Insei (level 3, 0/18 HPs)
             Began as a Vine Stalker Transmuter on Mar 26, 2017.
             Succumbed to an adder's poison
             ... on level 2 of the Dungeon.
             The game lasted 00:19:46 (1605 turns).

Njoerkh the Insei (Vine Stalker Transmuter)         Turns: 1605, Time: 00:19:46

Health: 0/18       AC:  2    Str: 12    XL:     3   Next: 39%
Magic:  6/7        EV: 12    Int: 14    God:
Gold:   12         SH:  0    Dex: 14    Spells: 2 memorised, 3 levels left

rFire  . . .     SeeInvis .       - Unarmed
rCold  . . .     Gourm    .     b - +0 robe
rNeg   . . .     Faith    .     (no shield)
rPois  .         Spirit   +     (no helmet)
rElec  .         Reflect  .     (no cloak)
rCorr  .         Harm     .     (no gloves)
MR     .....                    (no boots)
Stlth  +.........               (no amulet)
                                (no ring)
                                (no ring)

@: lethally poisoned (0 -> -1)
A: fangs 2, magic shield, antimagic bite, no device heal 3, rot immunity
a: no special abilities


You were on level 2 of the Dungeon.
You were not hungry.

You visited 1 branch of the dungeon, and saw 2 of its levels.

You collected 12 gold pieces.

Inventory:

Missiles
 a - 27 arrows
 j - 6 needles of sleeping
Armour
 b - a +0 robe (worn)
 e - a +0 robe
Scrolls
 g - a scroll of magic mapping {unknown}
 h - a scroll of random uselessness {unknown}
Books
 c - a book of Changes

   Spells                             Type                      Level
   a - Beastly Appendage              Transmutation                1
   b - Sticks to Snakes               Transmutation                2
   c - Spider Form                    Transmutation/Poison         3
   d - Ice Form                       Ice/Transmutation            4
   e - Blade Hands                    Transmutation                5
Comestibles
 d - 2 bread rations
 f - 2 meat rations


   Skills:
 - Level 1.0 Fighting
 - Level 1.5 Dodging
 + Level 4.0 Unarmed Combat
 - Level 2.1 Spellcasting
 + Level 2.4 Transmutations


You had 3 spell levels left.
You knew the following spells:

 Your Spells              Type           Power        Failure   Level  Hunger
a - Beastly Appendage     Tmut           #.....       10%         1    #......
b - Sticks to Snakes      Tmut           #.......     14%         2    ###....


Dungeon Overview and Level Annotations

Branches:
Dungeon (2/15)

Altars:


Innate Abilities, Weirdness & Mutations

You have extremely sharp teeth.
When hurt, damage is shared between your health and your magic reserves.
Your bite disrupts and absorbs the magic of your enemies.
Potions and wands cannot restore your health.
You are immune to rotting.


Message History

You feel sick. The bat hits your ball python.
The bat barely misses your ball python.
Your ball python bites the bat.
Your ball python grabs the bat.
Your ball python constricts the bat.
The bat closely misses your ball python.
The bat hits your ball python.
The bat struggles to escape constriction.
Your ball python bites the bat.
The bat dies!
* * * LOW HITPOINT WARNING * * *
You feel sick.
* * * LOW HITPOINT WARNING * * *
You feel sick.
Your talons disappear.
There is an open door here.
* * * LOW HITPOINT WARNING * * *
You feel sick.
Your ball python withers and dies!
* * * LOW HITPOINT WARNING * * *
You feel sick.
You die...

+...).........#
#.............#
...............#
...............#
.......#####'###
######## ..#........†.#
##.....<# ..#..........#
#.......# .
#..........#####..##.###
#.............@......#
#...#################
.... #.# #.


There were no monsters in sight!

Vanquished Creatures
  An adder (D:2)
  A dart slug (D:1)
  A worm (D:2)
  A ball python (D:1)
  6 bats (D:1)
  A giant cockroach (D:1)
  2 goblins (D:1)
  5 hobgoblins
  3 kobolds (D:1)
  A frilled lizard (D:1)
  A rat (D:1)
23 creatures vanquished.

Vanquished Creatures (collateral kills)
  A bat (D:2)
1 creature vanquished.

Grand Total: 24 creatures vanquished

Notes
Turn   | Place    | Note
-------+----------+-------------------------------------------
     0 | D:1      | Njoerkh the Vine Stalker Transmuter began the quest for the Orb.
     0 | D:1      | Reached XP level 1. HP: 9/9 MP: 4/4
   494 | D:1      | Reached XP level 2. HP: 9/14 MP: 4/6
   942 | D:1      | Learned a level 2 spell: Sticks to Snakes
   968 | D:1      | Reached skill level 1 in Fighting
  1326 | D:1      | Reached XP level 3. HP: 15/18 MP: 3/7
  1586 | D:2      | Reached skill level 4 in Unarmed Combat
  1605 | D:2      | Succumbed to an adder's poison

Skill      XL: |  1  2  3 |
---------------+----------+-----
Fighting       | 1 |  1.0
Unarmed Combat | 4 |  4.0
Dodging        | |  1.5
Spellcasting   | |  2.1
Transmutations | |  2.4

Action                   || total
-------------------------++-------
Melee: Unarmed           ||    67
       Bite              ||    14
       Headbutt          ||     3
       Kick              ||     8
Throw: Stone             ||     3
 Cast: Beastly Appendage ||    13
       Sticks to Snakes  ||     2
  Eat: Bread ration      ||     1
Armor: Robe              ||    18
Dodge: Dodged            ||    43
